Map: Ascension to Aiur LE

Players

Majestic

  • Race: Protoss Protoss
  • Spawn Location: 5:00

Denver - Winner!

  • Race: Zerg Zerg
  • Spawn Location: 11:00

Event: WCS Valencia 2017

VOD

Have the link to the VOD?

Description

Time

  • Played on: July 13, 2017, 7:18 a.m.
  • Length: 14:23

All games in this series

Show
View Real Time Build Order
Export as new Build Order

Majestic Protoss 

Build Orders: 1 Gate Expand, Oracle Opening, Phoenix Opening 

Get SALT Encoding   

  12  0:00  Probe (Chrono Boost)  
  13  0:11  Probe (Chrono Boost)  
  14  0:17  Pylon  
  14  0:22  Probe (Chrono Boost)  
  15  0:36  Probe (Chrono Boost)  
  15  0:38  Gateway  
  16  0:44  Assimilator  
  16  0:47  Probe (Chrono Boost)  
  17  0:58  Probe (Chrono Boost)  
  18  1:08  Probe (Chrono Boost)  
  19  1:19  Probe (Chrono Boost)  
  19  1:24  Nexus  
  20  1:34  Cybernetics Core  
  20  1:37  Probe (Chrono Boost)  
  21  1:43  Assimilator  
  21  1:47  Probe (Chrono Boost)  
  21  1:51  Pylon  
  22  1:58  Probe (Chrono Boost)  
  23  2:09  Probe (Chrono Boost)  
  23  2:11  Warp Gate, Adept (Chrono Boost)  
  26  2:21  Probe  
  27  2:29  Stargate  
  27  2:33  Probe (Chrono Boost)  
  27  2:35  Adept (Chrono Boost)  
  30  2:37  Probe (Chrono Boost)  
  31  2:46  Probe (Chrono Boost)  
  31  2:48  Probe (Chrono Boost)  
  33  2:56  Probe (Chrono Boost)  
  33  2:57  Gateway  
  34  2:59  Probe (Chrono Boost)  
  34  3:01  Adept  
  37  3:07  Probe (Chrono Boost)  
  37  3:09  Probe (Chrono Boost)  
  39  3:15  Oracle (Chrono Boost)  
  39  3:17  Probe  
  39  3:18  Probe  
  41  3:24  Pylon  
  42  3:29  Probe x2  
  42  3:34  Gateway  
  44  3:38  Pylon  
  44  3:40  Mothership Core  
  44  3:41  Probe  
  47  3:50  Phoenix (Chrono Boost)  
  47  3:53  Probe  
  47  3:55  Pylon  
  50  3:59  Probe  
  51  4:06  Probe  
  52  4:10  Probe  
  53  4:22  Nexus  
  53  4:23  Adept  
  53  4:24  Probe, Adept  
  57  4:25  Probe, Pylon  
  57  4:28  Assimilator  
  59  4:31  Assimilator  
  59  4:35  Probe  
  59  4:37  Probe  
  61  4:40  Oracle (Chrono Boost)  
  64  4:45  Probe  
  64  4:49  Probe  
  64  4:52  Robotics Facility  
  66  4:56  Probe  
  67  5:00  Pylon, Adept x2  
  67  5:01  Probe  
  67  5:04  Adept  
  74  5:07  Probe (Chrono Boost)  
  74  5:13  Probe (Chrono Boost)  
  76  5:15  Twilight Council  
  76  5:19  Forge, Probe (Chrono Boost)  
  77  5:24  Probe (Chrono Boost)  
  78  5:29  Probe (Chrono Boost)  
  78  5:34  Gateway  
  78  5:35  Probe x2 (Chrono Boost)  
  81  5:37  Gateway  
  81  5:40  Probe (Chrono Boost)  
  82  5:45  Probe (Chrono Boost)  
  82  5:46  Probe (Chrono Boost)  
  82  5:48  Pylon  
  84  5:50  Probe (Chrono Boost), Warp Prism  
  84  5:51  Sentry  
  84  5:56  Probe x2 (Chrono Boost)  
  91  5:57  Sentry  
  91  6:01  Probe (Chrono Boost)  
  91  6:03  Pylon x2  
  94  6:05  Charge, Protoss Ground Weapons Level 1 (Chrono Boost)  
  94  6:06  Probe x2 (Chrono Boost)  
  96  6:11  Probe (Chrono Boost)  
  96  6:12  Assimilator  
  96  6:17  Assimilator  
  97  6:22  Adept x3  
  101  6:30  Probe  
  102  6:34  Probe  
  102  6:37  Templar Archives  
  102  6:39  Photon Cannon  
  103  6:43  Pylon  
  103  6:48  Gateway  
  103  6:49  Gateway  
  103  6:52  Robotics Facility  
  103  6:53  Gateway x2  
  103  6:59  Immortal (Chrono Boost)  
  103  7:00  Gateway  
  107  7:03  Pylon  
  107  7:05  Zealot x2  
  107  7:06  Zealot  
  107  7:07  Probe  
  114  7:09  Psionic Storm  
  114  7:11  Photon Cannon  
  114  7:29  High Templar x3  
  120  7:30  High Templar x2  
  124  7:37  Pylon  
  124  7:38  Immortal (Chrono Boost)  
  124  7:39  Pylon  
  128  7:44  Photon Cannon  
  128  7:52  Zealot x2  
  128  7:53  Immortal (Chrono Boost)  
  136  8:04  Zealot x3  
  142  8:08  Zealot x3  
  142  8:09  Zealot  
  150  8:13  Zealot, Immortal  
  150  8:16  Probe  
  150  8:17  Probe  
  150  8:18  Probe  
  140  8:28  Probe x2  
  140  8:29  Probe  
  140  8:32  Immortal  
  145  8:36  Pylon  
  145  8:37  Pylon  
  145  8:39  Pylon  
  145  8:40  Probe  
  146  8:42  Probe  
  146  8:43  Photon Cannon  
  146  8:44  Probe  
  148  8:55  Zealot  
  142  8:58  High Templar x4  
  142  8:59  High Templar x2  
  154  9:04  Archon x3  
  153  9:10  Zealot x2  
  153  9:11  Zealot  
  153  9:12  Immortal (Chrono Boost)  
  161  9:20  Immortal (Chrono Boost)  
  161  9:22  Zealot  
  159  9:34  High Templar  
  157  9:49  Zealot x5  
  157  9:50  Zealot x2, Immortal (Chrono Boost)  
  175  9:57  Zealot x2  
  142  10:09  Archon x2  
  142  10:13  High Templar x5  
  148  10:21  Zealot  
  148  10:22  Zealot x2, Sentry  
  148  10:23  Zealot  
  156  10:41  Pylon  
  156  10:42  Nexus  
  154  10:43  Pylon  
  154  10:44  Pylon  
  154  10:46  Warp Prism (Chrono Boost)  
  154  10:54  Oracle  
  151  11:00  Zealot x2, High Templar  
  151  11:01  Zealot  
  155  11:07  Zealot  
  155  11:08  Zealot x3  
  163  11:12  Pylon  
  163  11:14  Pylon  
  163  11:22  Assimilator  
  163  11:27  Assimilator  
  163  11:29  High Templar x4  
  163  11:32  Pylon  
  171  11:37  Archon x2  
  167  11:52  Zealot, High Templar x2  
  167  11:53  Zealot  
  153  12:01  High Templar  
  153  12:02  Zealot x4, High Templar  
  165  12:14  Fleet Beacon  
  155  12:24  Zealot x4  
  161  12:36  Photon Cannon x2  
  159  12:51  Zealot  
  159  12:56  Zealot x4  
  150  13:04  Zealot x2  
  154  13:12  Zealot x3  
  152  13:15  High Templar  
  152  13:16  High Templar x5  
  130  13:38  Immortal  
  125  13:45  Pylon  
  125  13:46  Zealot x2  
  125  13:47  Pylon  
  125  13:48  High Templar x4  
  131  13:49  Zealot x2  
  131  13:52  Archon x2  
  141  14:14  Zealot x5  
Show
View Real Time Build Order
Export as new Build Order

Denver Zerg - Winner!

Build Orders: Hatch First 

Get SALT Encoding   

  12  0:00  Drone  
  13  0:13  Overlord  
  13  0:17  Drone  
  14  0:31  Drone x2  
  16  0:36  Drone  
  17  0:52  Hatchery  
  17  0:56  Drone  
  17  0:59  Drone  
  18  1:04  Extractor  
  17  1:16  Spawning Pool  
  16  1:18  Drone  
  16  1:23  Drone  
  18  1:31  Drone  
  19  1:41  Overlord  
  19  1:51  Drone  
  20  2:03  Queen x2  
  20  2:05  Metabolic Boost  
  24  2:09  Zergling x2  
  24  2:13  Zergling x2  
  27  2:15  Drone  
  27  2:19  Drone  
  28  2:23  Drone  
  28  2:26  Drone  
  30  2:36  Drone x2  
  32  2:48  Hatchery  
  32  2:50  Drone x2  
  33  2:54  Overlord  
  33  3:00  Drone  
  33  3:03  Queen  
  36  3:11  Extractor  
  34  3:16  Drone x3  
  34  3:19  Drone x2  
  39  3:22  Drone  
  40  3:27  Drone  
  40  3:28  Drone x2  
  40  3:33  Evolution Chamber  
  42  3:36  Overlord  
  42  3:40  Drone  
  43  3:44  Spore Crawler x2  
  43  3:46  Drone  
  43  3:48  Drone  
  43  3:49  Drone  
  43  3:54  Overlord  
  44  3:56  Drone  
  45  4:03  Spore Crawler, Drone x2  
  45  4:04  Drone  
  45  4:06  Drone  
  45  4:08  Drone  
  45  4:09  Drone  
  49  4:14  Zerg Melee Weapons Level 1  
  49  4:15  Drone  
  50  4:18  Drone x2  
  50  4:20  Pneumatized Carapace  
  52  4:24  Extractor  
  52  4:25  Overlord  
  52  4:28  Zergling x2  
  52  4:29  Drone  
  52  4:31  Drone  
  55  4:36  Drone x2  
  58  4:43  Drone  
  58  4:44  Overlord  
  59  4:47  Lair  
  59  4:48  Zergling x2  
  59  4:53  Drone x6  
  59  4:54  Drone  
  59  4:56  Overlord  
  59  4:59  Overlord  
  65  5:00  Extractor  
  65  5:05  Overlord  
  64  5:09  Zergling x2  
  64  5:10  Extractor, Zergling x2  
  64  5:11  Overlord  
  64  5:13  Overlord  
  64  5:15  Zergling x4  
  64  5:18  Queen  
  68  5:21  Zergling x2  
  68  5:22  Zergling x8  
  68  5:26  Zergling x6  
  76  5:30  Drone x3  
  76  5:31  Drone  
  79  5:36  Drone  
  79  5:38  Drone  
  81  5:46  Drone  
  81  5:49  Hatchery, Drone x2, Hydralisk Den  
  83  5:50  Drone x2  
  83  5:55  Drone x2  
  87  5:57  Drone  
  87  5:58  Baneling Nest, Drone x2  
  87  6:01  Drone x2  
  87  6:02  Drone x2  
  92  6:06  Overlord  
  92  6:07  Extractor x2  
  92  6:09  Overlord  
  90  6:12  Zerg Melee Weapons Level 2  
  90  6:14  Drone  
  92  6:21  Overlord  
  92  6:24  Zergling x6  
  94  6:31  Zergling x8  
  94  6:32  Zergling x2  
  99  6:35  Drone  
  99  6:36  Muscular Augments  
  99  6:41  Hydralisk  
  99  6:43  Centrifical Hooks, Overlord  
  99  6:46  Zergling x2  
  101  6:52  Overlord  
  101  6:53  Overlord  
  101  6:54  Hydralisk x3  
  101  6:58  Overlord  
  101  7:01  Overlord  
  106  7:04  Drone x2  
  106  7:05  Drone  
  106  7:08  Baneling x2  
  109  7:11  Hydralisk x3  
  109  7:12  Hydralisk  
  117  7:20  Drone  
  117  7:22  Spore Crawler x2  
  115  7:26  Baneling x2  
  115  7:28  Drone x7  
  115  7:29  Drone x2  
  123  7:33  Hydralisk x3  
  128  7:38  Spore Crawler, Queen, Drone x2  
  131  7:45  Hydralisk x3  
  137  7:53  Hydralisk x4  
  137  7:57  Baneling x7  
  137  7:58  Baneling x3  
  145  8:00  Hydralisk  
  145  8:02  Overlord  
  147  8:15  Hydralisk  
  147  8:16  Hydralisk x6  
  147  8:17  Overlord  
  158  8:20  Overlord  
  158  8:21  Overlord  
  158  8:24  Overlord  
  155  8:27  Zergling x10  
  159  8:35  Zerg Missile Weapons Level 1  
  159  8:38  Hydralisk x4  
  159  8:40  Overlord  
  163  8:43  Zergling x2  
  163  8:44  Zergling x4  
  165  8:48  Infestation Pit  
  165  8:51  Zergling x2  
  165  8:52  Zergling x12  
  169  8:55  Baneling  
  169  8:56  Baneling x5  
  169  8:57  Zergling x2  
  169  8:58  Zergling x6  
  169  9:01  Queen  
  174  9:11  Hydralisk  
  174  9:12  Hydralisk x5  
  183  9:19  Zergling x14  
  185  9:27  Hydralisk x4  
  185  9:29  Queen  
  189  9:34  Baneling  
  189  9:35  Baneling x12  
  189  9:36  Baneling  
  189  9:43  Zergling x2  
  189  9:44  Zergling x14  
  197  9:46  Overlord  
  197  9:49  Hive  
  197  9:54  Overlord  
  189  10:06  Hydralisk x2, Zergling x12  
  189  10:07  Zergling x12  
  153  10:14  Zergling x2  
  153  10:15  Zergling x2  
  153  10:20  Hydralisk x4  
  161  10:27  Hydralisk x4  
  168  10:29  Hatchery  
  168  10:34  Baneling  
  168  10:35  Baneling x12  
  155  10:38  Hydralisk  
  155  10:41  Zergling x10  
  155  10:42  Zergling x2  
  159  10:47  Zergling x10  
  160  10:53  Hydralisk  
  160  10:54  Hydralisk x3  
  168  10:58  Extractor x2  
  168  11:00  Zergling x2  
  168  11:01  Zergling x8  
  168  11:07  Spire  
  163  11:14  Zergling x2  
  163  11:15  Zergling x20  
  172  11:27  Zergling x2  
  172  11:28  Zergling x6  
  172  11:30  Adrenal Glands  
  172  11:31  Zerg Melee Weapons Level 3  
  176  11:37  Hydralisk  
  176  11:38  Hydralisk x3  
  184  11:43  Zergling x2  
  184  11:44  Zergling x10  
  179  11:56  Zergling x2  
  179  11:57  Zergling x20  
  164  12:07  Zergling x18  
  171  12:17  Baneling x5  
  171  12:18  Baneling x11  
  171  12:28  Greater Spire  
  171  12:34  Hydralisk  
  171  12:35  Hydralisk x5  
  176  12:49  Hydralisk x3  
  176  12:50  Hydralisk x3  
  177  13:00  Corruptor x3  
  179  13:06  Zergling x2  
  179  13:07  Zergling x10  
  179  13:12  Baneling x10  
  176  13:27  Corruptor x3  
  169  13:50  Corruptor x4  
  169  13:54  Brood Lord x3  
  182  13:57  Zergling x2  
  182  13:58  Zergling x14  
  185  14:09  Extractor  
  184  14:10  Extractor  
Tags
 
Add a new tag
Caveats
  • Supply blocks, unpowered buildings, or Contaminate may cause inaccurate times.
  • Supply counts are checked every 10 seconds.